 Dungeon Crawl Stone Soup version 0.27-a0-1595-g0b823d0a13 (webtiles) character file.

Game seed: 4073102909517468157

139 Sin92 the Skirmisher (level 5, -1/41 HPs)
             Began as a Demonspawn Fighter on July 20, 2021.
             Slain by an orc warrior (17 damage)
             ... on level 4 of the Dungeon.
             The game lasted 00:02:39 (2782 turns).

Sin92 the Skirmisher (Demonspawn Fighter)           Turns: 2782, Time: 00:02:40

Health: -1/41      AC: 10    Str: 16    XL:     5   Next: 1%
Magic:  5/5        EV:  5    Int: 10    God:
Gold:   92         SH:  9    Dex: 13    Spells: 4/4 levels left

rFire    . . .     SeeInvis .   a - +1 long sword
rCold    . . .     Faith    .   c - +0 kite shield
rNeg     . . .     Spirit   .   e - +1 chain mail
rPois    .         Reflect  .   (no helmet)
rElec    .         Harm     .   (no cloak)
rCorr    .         Rampage  .   (no gloves)
Will     .....                  (no boots)
Stlth    ..........             (no amulet)
HPRegen  0.13/turn              (no ring)
MPRegen  0.18/turn              (no ring)

@: no status effects
A: hooves 1, magic regeneration
a: no special abilities


You were on level 4 of the Dungeon.
You visited 1 branch of the dungeon, and saw 4 of its levels.

You collected 92 gold pieces.

Inventory:

Hand Weapons
 a - a +1 long sword (weapon)
Armour
 b - a +0 scale mail
 c - a +0 kite shield (worn)
 e - a +1 chain mail (worn)
Scrolls
 f - 3 scrolls of noise
 g - a scroll of immolation
 h - a scroll of magic mapping
 j - 4 scrolls of identify
Potions
 d - a potion of might
 i - a potion of invisibility {unknown}
 k - a potion of curing {unknown}
 l - a potion of heal wounds {unknown}


   Skills:
 + Level 3.6 Fighting
 + Level 2.6 Long Blades
 + Level 3.3 Armour
 + Level 1.6 Dodging
 + Level 3.3 Shields


You had 4 spell levels left.
You didn't know any spells.
Your spell library contained the following spells:

 Spells                   Type           Power      Damage    Failure   Level
 Corona                   Hex            0%         N/A       100%        1
 Ensorcelled Hibernation  Hex/Ice        0%         N/A       100%        2
 Ignite Poison            Fire/Tmut/Pois 0%         N/A       100%        3
 Mephitic Cloud           Conj/Pois/Air  0%         N/A       100%        3
 Tukima's Dance           Hex            0%         N/A       100%        3
 Bolt of Magma            Conj/Fire/Erth 0%         4d4       100%        5


Dungeon Overview and Level Annotations

Branches:
Dungeon (4/15)
 Temple: D:4-7

Altars:
Cheibriados
Kikubaaqudgha
Nemelex Xobeh
Sif Muna
Zin


Innate Abilities, Weirdness & Mutations

You have large cloven feet.
You regenerate magic rapidly.


Message History

The orc warrior is moderately wounded.
You block the orc warrior's attack.
Unknown command.
There are monsters nearby!
You hit the orc warrior.
The orc warrior is moderately wounded.
You block the orc warrior's attack.
The orc warrior hits you with a +0 glaive!
Unknown command.
There are monsters nearby!
You closely miss the orc warrior.
The orc warrior is moderately wounded.
You block the orc warrior's attack.
Unknown command.
There are monsters nearby!
You slash the orc warrior!
The orc warrior is heavily wounded.
The orc warrior hits you with a +0 glaive. x2
Unknown command.
There are monsters nearby!
You are too injured to fight recklessly!
Unknown command.
There are monsters nearby!
You are too injured to fight recklessly!
Unknown command.
There are monsters nearby!
You are too injured to fight recklessly!
Unknown command.
There are monsters nearby!
You are too injured to fight recklessly!
Unknown command.
There are monsters nearby!
As you read the scroll labelled SUNIUCOD JIUTT, it crumbles to dust.
The creatures around you are filled with an inner flame!
It was a scroll of immolation.
You block the orc warrior's attack.
Okay, then.
Okay, then.
You block the orc warrior's attack.
The orc warrior hits you from afar with a +0 glaive!
You die...

##.#.# .# #...#
####.##### ##..#
#........ #..#
#........
####.######........
...................
####..##...#####.##
#..##.#.#####.# ...
.............#@###....
####...###...o........#
...#.#(#.#.#........#
.....#.#†g..........#
.#.....)..g#........#
.....##.##...........#
# #.S #S###.......#
...) ... #.#.#####
#.#...#.###...#


You could see an orc warrior (inner flame), 2 hobgoblins and a ball python
(inner flame).

Vanquished Creatures
  A water moccasin skeleton (D:4)
  A hound (D:4)
  2 adders (D:3)
  3 ball pythons
  5 endoplasms
  4 giant cockroaches
  5 goblins
  4 jackals (D:3)
  6 kobolds
  A quokka (D:2)
  7 bats
  6 frilled lizards (D:1)
  3 rats
48 creatures vanquished.

Vanquished Creatures (collateral kills)
  A rat (D:3)
1 creature vanquished.

Grand Total: 49 creatures vanquished

Notes
Turn   | Place    | Note
-------+----------+-------------------------------------------
     0 | D:1      | Sin92 the Demonspawn Fighter began the quest for the Orb.
     0 | D:1      | Reached XP level 1. HP: 18/18 MP: 1/1
   114 | D:1      | Gained mutation: You have large cloven feet. [demonic
                  | ancestry]
   114 | D:1      | Reached XP level 2. HP: 23/24 MP: 2/2
   469 | D:1      | Found a faded altar of an unknown god.
   844 | D:2      | Reached skill level 1 in Dodging
   948 | D:2      | Found an ancient bone altar of Kikubaaqudgha.
  1208 | D:2      | Reached XP level 3. HP: 29/29 MP: 3/3
  2121 | D:3      | Found a snail-covered altar of Cheibriados.
  2121 | D:3      | Found a shimmering blue altar of Sif Muna.
  2563 | D:3      | Found a sparkling altar of Nemelex Xobeh.
  2680 | D:4      | Reached XP level 4. HP: 28/35 MP: 4/4
  2763 | D:4      | Noticed an orc warrior
  2769 | D:4      | Gained mutation: You regenerate magic rapidly. [demonic
                  | ancestry]
  2769 | D:4      | Reached XP level 5. HP: 38/41 MP: 5/5
  2782 | D:4      | Slain by an orc warrior

Illustrated notes

Levels and vault maps discovered:
D:1:      lightli_iron_boxes, layout_loops_ring,
          shapermc_ecumenical_altar_acropolis, minmay_indecisive_spiral
D:2:      layout_loops_ring, basic_altar
D:3:      layout_basic, gammafunk_temple_overflow_wave,
          mainiacjoe_overflow_divided_tiny
D:4:      layout_basic, minivault_11, minmay_fractal_squares_5

Skill      XL: |  1  2  3 |
---------------+----------+-----
Long Blades    | 2 |  2.6
Dodging        | 1 |  1.6
Armour         | 3 |  3.3
Shields        | 3 |  3.3
Fighting       | |  3.6

Action                   |  1- 3 |  4- 6 || total
-------------------------+-------+-------++-------
Melee: Long sword        |   121 |     9 ||   130
       Kick              |    25 |     2 ||    27
  Use: Scroll            |     7 |     1 ||     8
       Potion            |     1 |       ||     1
Armor: Chain mail        |    94 |     5 ||    99
       Scale mail        |     2 |       ||     2
Dodge: Dodged            |    27 |     5 ||    32
Block: Kite shield       |    60 |     7 ||    67
       Rpst.: Long sword |    10 |     3 ||    13

Table legend: (Time is in decaauts)
 A = Elapsed time spent in this place.
 B = Non-inter-level travel time spent in this place.
 C = Inter-level travel time spent in this place.
 D = Time resting spent in this place.
 E = Time spent auto-exploring this place.
 F = Levels seen in this place.
 G = Mean time per level.
                   A        B        C        D        E       F      G
               +--------+--------+--------+--------+--------+-----+--------+
         Total |   2851 |   2831 |     20 |    181 |   2245 |   4 |  712.8 |
       Dungeon |   2851 |   2831 |     20 |    181 |   2245 |   4 |  712.8 |
               +--------+--------+--------+--------+--------+-----+--------+

Top non-repeatable levels by time:
     D:3: 1128 daAuts
     D:1: 786 daAuts
     D:2: 765 daAuts
     D:4: 170 daAuts
